 Dungeon Crawl Stone Soup version 0.22.0-36-g8e74550 (webtiles) character file.

574 Lew the Skirmisher (level 7, -4/60 HPs)
             Began as a Gnoll Abyssal Knight on Aug 24, 2018.
             Was a Priest of Lugonu.
             Shot with an arrow by a centaur (12 damage)
             ... on level 4 of the Dungeon.
             The game lasted 00:07:08 (4298 turns).

Lew the Skirmisher (Gnoll Abyssal Knight)           Turns: 4298, Time: 00:07:09

Health: -4/60      AC:  6    Str: 16    XL:     7   Next: 35%
Magic:  9/11       EV: 12    Int: 15    God:    Lugonu [***...]
Gold:   305        SH:  0    Dex: 14    Spells: 10/10 levels left

rFire    + . .     SeeInvis .   v - +2 whip (venom)
rCold    + . .     Gourm    .   (no shield)
rNeg     . . .     Faith    .   i - +0 ring mail
rPois    +         Spirit   .   k - +0 hat
rElec    +         Reflect  .   (no cloak)
rCorr    +         Harm     .   (no gloves)
MR       .....                  (no boots)
Stlth    +.........             (no amulet)
HPRegen  0.20/turn              f - ring of resist corrosion
MPRegen  0.12/turn              e - ring of stealth

@: resistant, glowing
A: distributed training, fangs 1, strong nose
a: Depart the Abyss, Bend Space, Banish, Renounce Religion


You were on level 4 of the Dungeon.
You worshipped Lugonu.
Lugonu was most pleased with you.
You were hungry.

You visited 1 branch of the dungeon, and saw 5 of its levels.
You visited the Abyss 1 time.

You collected 305 gold pieces.

Inventory:

Hand Weapons
 a - a +2 hand axe
 m - a +0 hand axe of electrocution
 v - a +2 whip of venom (weapon)
Armour
 i - a +0 ring mail (worn)
 k - a +0 hat (worn)
Jewellery
 e - a ring of stealth (right hand)
 f - a ring of resist corrosion (left hand)
 g - an uncursed ring of magical power
Wands
 j - a wand of scattershot (5)
 q - a wand of polymorph (11)
 u - a wand of acid (7)
Scrolls
 d - 4 scrolls of remove curse
 h - a scroll of fog
 p - a scroll of amnesia
 t - a scroll of enchant weapon
Potions
 b - 2 potions of haste
 n - a potion of curing
 r - a potion of flight
 s - a potion of might
Comestibles
 c - 11 rations


   Skills:
 + Level 7.0 Fighting
 + Level 2.3 Short Blades
 + Level 2.3 Long Blades
 + Level 5.2 Axes
 + Level 2.3 Maces & Flails
 + Level 2.3 Polearms
 + Level 2.3 Staves
 + Level 2.3 Slings
 + Level 2.3 Bows
 + Level 2.3 Crossbows
 + Level 2.3 Throwing
 + Level 5.2 Armour
 + Level 3.5 Dodging
 + Level 2.3 Stealth
 + Level 2.3 Shields
 + Level 2.3 Unarmed Combat
 + Level 2.3 Spellcasting
 + Level 1.9 Conjurations
 + Level 1.9 Hexes
 + Level 1.9 Charms
 + Level 1.9 Summonings
 + Level 1.9 Necromancy
 + Level 1.9 Translocations
 + Level 1.9 Transmutations
 + Level 1.9 Fire Magic
 + Level 1.9 Ice Magic
 + Level 1.9 Air Magic
 + Level 1.9 Earth Magic
 + Level 1.9 Poison Magic
 + Level 5.3 Invocations
 + Level 2.3 Evocations


You had 10 spell levels left.
You didn't know any spells.
Your spell library was empty.

Dungeon Overview and Level Annotations

Branches:
Dungeon (5/15)
 Temple: D:4-7

Altars:
Dithmenos
Trog

Annotations:
D:4 Dowan, Duvessa


Innate Abilities, Weirdness & Mutations

Your experience applies equally to all skills.
You have very sharp teeth.
Your uncanny sense of smell can sniff out nearby items.


Message History

The centaur unwields an uncursed shortbow.
The centaur hits you!
* * * LOW HITPOINT WARNING * * *
You feel sick. The adder bites you.
* * * LOW HITPOINT WARNING * * *
The centaur completely misses you. The crimson imp hits you.
* * * LOW HITPOINT WARNING * * *
There is a stone staircase leading down, spattered with blood here.
The crimson imp hits you but does no damage.
The adder bites you but does no damage. Space bends around you!
You blink.
The centaur wields an uncursed shortbow.
The centaur shoots an arrow.
The arrow closely misses you. Space bends around you!
You blink.
You feel sick.
Okay, then.
You feel better.
The centaur shoots an arrow.
The arrow misses you.
The centaur shoots an arrow.
The arrow hits you but does no damage.
You feel protected.
The centaur shoots an arrow.
The arrow hits you!
You die...

#.e......##
##########c.l.....##
#.........###e(...##
#........S5.S.#....#
#...(.......5.#...(#
#.............#....#
#.........###.'...§#
#.........# ###...§§
#..@......# #...§#
#.........# #.....
#..(......# #..(..
#.........# ####..
########### #.. #..
###


You could see a centaur, a crimson imp and an adder.

Vanquished Creatures
  A necrophage (D:3)
  An ogre (D:4)
  A bullfrog (D:4)
  A scorpion (D:4)
  A hound (D:4)
  Natasha (thrice) (D:3)
  An orc wizard (D:3)
  3 adders
  3 gnolls (D:3)
  2 oozes
  An adder skeleton (D:4)
  2 worms
  2 dart slugs
  A leopard gecko (D:3)
  8 orcs
  3 giant cockroaches
  11 goblins
  8 hobgoblins
  9 jackals
  A quokka (D:3)
  3 ball pythons
  4 bats
  5 frilled lizards
  6 kobolds
  A quokka skeleton (D:4)
  6 rats
88 creatures vanquished.

Vanquished Creatures (others)
  A jackal (D:5)
1 creature vanquished.

Grand Total: 89 creatures vanquished

Notes
Turn   | Place    | Note
-------+----------+-------------------------------------------
     0 | Abyss:1  | Lew the Gnoll Abyssal Knight began the quest for the Orb.
     0 | Abyss:1  | Reached XP level 1. HP: 23/23 MP: 3/3
    78 | Abyss:1  | Found a corrupted altar of Lugonu.
   125 | Abyss:1  | Noticed a large abomination
   157 | Abyss:1  | Noticed a large abomination
   174 | Abyss:1  | Noticed a black draconian
   186 | Abyss:1  | Noticed an orange demon
   192 | Abyss:1  | Noticed a starcursed mass
   195 | Abyss:1  | Noticed a golden eye
   196 | D:1      | Escaped the Abyss
   468 | D:1      | Reached XP level 2. HP: 29/29 MP: 5/5
   544 | D:1      | Reached * piety under Lugonu
  1267 | D:2      | Reached XP level 3. HP: 29/35 MP: 6/6
  2210 | D:3      | Reached skill level 1 in Short Blades
  2210 | D:3      | Reached skill level 1 in Long Blades
  2210 | D:3      | Reached skill level 1 in Maces & Flails
  2210 | D:3      | Reached skill level 1 in Polearms
  2210 | D:3      | Reached skill level 1 in Staves
  2210 | D:3      | Reached skill level 1 in Slings
  2210 | D:3      | Reached skill level 1 in Bows
  2210 | D:3      | Reached skill level 1 in Crossbows
  2210 | D:3      | Reached skill level 1 in Throwing
  2210 | D:3      | Reached skill level 1 in Stealth
  2210 | D:3      | Reached skill level 1 in Shields
  2210 | D:3      | Reached skill level 1 in Unarmed Combat
  2210 | D:3      | Reached skill level 1 in Spellcasting
  2210 | D:3      | Reached skill level 1 in Evocations
  2210 | D:3      | Reached XP level 4. HP: 40/41 MP: 7/7
  2291 | D:3      | Noticed Natasha
  2300 | D:3      | Killed Natasha
  2300 | D:3      | Reached skill level 1 in Conjurations
  2300 | D:3      | Reached skill level 1 in Hexes
  2300 | D:3      | Reached skill level 1 in Charms
  2300 | D:3      | Reached skill level 1 in Summonings
  2300 | D:3      | Reached skill level 1 in Necromancy
  2300 | D:3      | Reached skill level 1 in Translocations
  2300 | D:3      | Reached skill level 1 in Transmutations
  2300 | D:3      | Reached skill level 1 in Fire Magic
  2300 | D:3      | Reached skill level 1 in Ice Magic
  2300 | D:3      | Reached skill level 1 in Air Magic
  2300 | D:3      | Reached skill level 1 in Earth Magic
  2300 | D:3      | Reached skill level 1 in Poison Magic
  2301 | D:3      | Reached ** piety under Lugonu
  2470 | D:3      | Found a bloodstained altar of Trog.
  2582 | D:3      | Reached XP level 5. HP: 39/47 MP: 8/8
  2839 | D:3      | Noticed a necrophage
  2861 | D:3      | Killed a necrophage
  2861 | D:3      | Reached skill level 5 in Invocations
  2861 | D:3      | Reached XP level 6. HP: 36/53 MP: 9/9
  3146 | D:3      | Noticed Natasha
  3154 | D:3      | Killed Natasha
  3200 | D:3      | Noticed Natasha
  3204 | D:3      | Killed Natasha
  3204 | D:3      | Reached skill level 5 in Axes
  3204 | D:3      | Reached skill level 5 in Armour
  3615 | D:4      | Reached XP level 7. HP: 52/59 MP: 10/10
  3709 | D:4      | Reached skill level 7 in Fighting
  3828 | D:4      | Found a shadowy altar of Dithmenos.
  4249 | D:5      | Entered Level 5 of the Dungeon
  4249 | D:5      | Noticed Dowan
  4250 | D:5      | Noticed Duvessa
  4262 | D:4      | Reached *** piety under Lugonu
  4296 | D:4      | HP: 2/60 [poisoned by an adder]
  4298 | D:4      | Shot with an arrow by a centaur

Skill      XL: |  1  2  3  4  5  6  7 |
---------------+----------------------+-----
Short Blades   | 1 2 |  2.3
Long Blades    | 1 2 |  2.3
Maces & Flails | 1 2 |  2.3
Polearms       | 1 2 |  2.3
Staves         | 1 2 |  2.3
Slings         | 1 2 |  2.3
Bows           | 1 2 |  2.3
Crossbows      | 1 2 |  2.3
Throwing       | 1 2 |  2.3
Stealth        | 1 2 |  2.3
Shields        | 1 2 |  2.3
Unarmed Combat | 1 2 |  2.3
Spellcasting   | 1 2 |  2.3
Evocations     | 1 2 |  2.3
Conjurations   | 1 |  1.9
Hexes          | 1 |  1.9
Charms         | 1 |  1.9
Summonings     | 1 |  1.9
Necromancy     | 1 |  1.9
Translocations | 1 |  1.9
Transmutations | 1 |  1.9
Fire Magic     | 1 |  1.9
Ice Magic      | 1 |  1.9
Air Magic      | 1 |  1.9
Earth Magic    | 1 |  1.9
Poison Magic   | 1 |  1.9
Dodging        | 3 |  3.5
Invocations    | 5 |  5.3
Axes           | 5 |  5.2
Armour         | 5 |  5.2
Fighting       | 7 |  7.0

Action                   |  1- 3 |  4- 6 |  7- 9 || total
-------------------------+-------+-------+-------++-------
Melee: Hand axe          |    89 |   110 |    34 ||   233
       Bite              |     7 |    18 |     6 ||    31
       Whip              |       |       |    24 ||    24
       Punch             |       |       |     1 ||     1
Invok: Depart the Abyss  |     1 |       |       ||     1
       Bend Space        |       |       |     3 ||     3
  Use: Scroll            |     9 |       |     5 ||    14
       Potion            |     3 |       |     2 ||     5
 Stab: Sleeping          |     1 |     6 |     1 ||     8
  Eat: Chunk             |     3 |     5 |     2 ||    10
Armor: Leather armour    |    10 |       |       ||    10
       Ring mail         |     3 |    31 |    40 ||    74
Dodge: Dodged            |    48 |    50 |    83 ||   181
